Map: Heavy Artillery LE

Players

NIo

  • Race: Terran Terran
  • Spawn Location: 7:00

Shadow

  • Race: Zerg Zerg
  • Spawn Location: 7:00

qqq - Winner!

  • Race: Zerg Zerg
  • League: Platinum
  • Spawn Location: 3:00

Massa - Winner!

  • Race: Terran Terran
  • League: Platinum
  • Spawn Location: 1:00

VOD

Have the link to the VOD?

Description

Time

  • Played on: Jan. 10, 2021, 8:06 a.m.
  • Length: 5:24
Show
View Real Time Build Order
Export as new Build Order

NIo Terran 

Build Orders: Command Center First (CC) 

Get SALT Encoding   

  12  0:00  SCV  
  13  0:12  SCV  
  14  0:18  Supply Depot  
  14  0:24  SCV  
  15  0:53  Command Center  
  15  0:56  SCV  
  16  1:09  Barracks  
  16  1:13  SCV  
  16  1:17  Refinery  
  17  1:25  Refinery  
  17  1:31  SCV  
  18  1:35  Supply Depot  
  18  1:41  Refinery  
  17  1:54  SCV  
  18  2:09  Orbital Command, Marine  
  18  2:13  Orbital Command  
  20  2:44  SCV, Bunker  
  20  2:45  SCV  
  21  2:56  SCV  
  22  2:59  SCV  
  22  3:04  Factory  
  23  3:08  SCV  
  24  3:16  Supply Depot  
  24  3:19  Marine  
  25  3:23  SCV x2  
  27  3:35  Refinery, SCV  
  27  3:39  Supply Depot  
  28  3:44  SCV  
  29  3:52  Starport  
  29  3:54  Starport  
  29  3:57  Factory Tech Lab  
  29  4:01  SCV x2  
  31  4:03  Barracks Reactor  
  31  4:13  SCV  
  31  4:14  Supply Depot  
  31  4:16  Engineering Bay  
  32  4:18  SCV  
  32  4:22  Siege Tank  
  34  4:25  SCV  
  34  4:30  Starport Tech Lab x2  
  35  4:34  SCV  
  35  4:35  Refinery  
  35  4:36  Fusion Core  
  35  4:37  SCV  
  37  4:47  Marine x2  
  38  5:07  SCV  
  38  5:08  SCV  
Show
View Real Time Build Order
Export as new Build Order

Shadow Zerg 

Build Orders: Hatch First 

Get SALT Encoding   

  12  0:01  Drone  
  13  0:12  Overlord  
  13  0:16  Drone  
  14  0:31  Drone x2  
  16  0:36  Drone  
  17  0:55  Drone, Hatchery  
  17  0:57  Extractor  
  16  1:11  Spawning Pool  
  15  1:13  Drone  
  15  1:17  Drone  
  17  1:21  Drone  
  18  1:30  Drone  
  19  1:39  Overlord  
  19  1:57  Queen  
  21  2:07  Queen  
  23  2:09  Zergling x6  
  23  2:11  Metabolic Boost  
  26  2:19  Zergling x4  
  28  2:34  Zergling x6  
  31  2:46  Drone  
  31  2:47  Drone  
  31  2:48  Lair  
  33  2:52  Extractor  
  32  2:59  Queen  
  32  3:01  Drone x2  
  36  3:05  Overlord  
  36  3:14  Overlord  
  36  3:21  Overlord  
  36  3:24  Overlord  
  36  3:32  Drone  
  36  3:33  Drone x2  
  39  3:36  Drone  
  40  3:57  Hatchery  
  39  4:06  Drone  
  39  4:07  Drone x3  
  43  4:10  Drone  
  41  4:21  Zergling x10  
  41  4:22  Zergling x8  
  30  4:53  Baneling Nest  
  29  5:05  Zergling x10  
  29  5:06  Zergling x2  
Show
View Real Time Build Order
Export as new Build Order

qqq Zerg - Winner!

Build Orders: Hatch First 

Get SALT Encoding   

  12  0:01  Drone  
  13  0:12  Drone  
  14  0:23  Overlord  
  14  0:47  Hatchery  
  13  0:52  Drone  
  13  0:53  Drone  
  15  1:18  Drone x2, Spawning Pool  
  15  1:21  Extractor  
  15  1:27  Drone  
  16  1:42  Drone x2  
  18  1:53  Drone  
  19  2:02  Drone  
  19  2:03  Drone  
  21  2:23  Queen  
  21  2:24  Queen  
  21  2:25  Overlord x2  
  21  2:26  Drone x2  
  26  2:38  Zergling x2  
  26  2:39  Metabolic Boost  
  26  2:41  Drone  
  28  2:45  Zergling x2  
  28  2:46  Zergling x2  
  30  3:00  Zergling x2  
  30  3:02  Zergling x2  
  32  3:09  Zergling x2, Baneling Nest  
  32  3:11  Drone  
  33  3:17  Zergling x2  
  33  3:18  Zergling x2  
  35  3:30  Drone  
  35  3:31  Zergling x2  
  37  3:35  Overlord  
  37  3:36  Zergling x2  
  37  3:37  Hatchery, Zergling x2  
  38  3:42  Zergling x4  
  38  3:45  Zergling x2  
  38  3:47  Zergling x2  
  42  3:50  Zergling x2  
  42  3:54  Baneling x3  
  42  3:55  Baneling  
  43  3:58  Zergling x2  
  43  4:00  Zergling x2  
  45  4:05  Overlord  
  45  4:12  Zergling x6  
  45  4:21  Zergling x2  
  45  4:22  Zergling x6  
  48  4:29  Baneling  
  47  4:33  Zergling x2  
  47  4:34  Zergling x2  
  47  4:35  Zergling x2  
  50  4:43  Zergling x6  
Show
View Real Time Build Order
Export as new Build Order

Massa Terran - Winner!

Build Orders:  

Get SALT Encoding   

  12  0:00  SCV  
  13  0:12  SCV  
  14  0:24  SCV, Supply Depot  
  15  0:37  Refinery  
  15  0:45  SCV  
  15  0:46  Barracks  
  16  0:57  SCV  
  17  1:09  SCV  
  18  1:20  Barracks  
  18  1:21  SCV  
  19  1:34  Barracks  
  19  1:42  Supply Depot  
  19  1:44  Bunker  
  19  1:47  Marine  
  19  1:52  SCV  
  21  2:05  Marine  
  22  2:09  Orbital Command  
  22  2:11  Marine  
  23  2:26  Marine  
  23  2:27  Marine  
  23  2:29  Marine  
  26  2:44  Marine  
  26  2:46  Barracks Tech Lab  
  26  2:47  Marine  
  28  3:02  Marine  
  28  3:05  Marine  
  30  3:07  Stimpack  
  30  3:12  Supply Depot  
  30  3:13  Supply Depot  
  30  3:21  Marine  
  31  3:33  Marauder, Marine  
  34  3:39  Factory, Marine  
  35  3:51  Marine  
  35  3:55  Marauder  
  38  3:56  Marine  
  39  4:03  Command Center  
  39  4:08  Marine  
  40  4:14  Marine  
  40  4:16  Marauder  
  43  4:29  Marine  
  44  4:32  Marine  
  44  4:38  Marauder  
  46  4:47  Marine  
  47  4:57  Supply Depot  
  47  4:59  Supply Depot  
  47  5:08  SCV  
Tags
 
Add a new tag
Caveats
  • Supply blocks, unpowered buildings, or Contaminate may cause inaccurate times.
  • Supply counts are checked every 10 seconds.